 Dungeon Crawl Stone Soup version 0.29.1-1-gd02db6906a (webtiles) character file.

Game seed: 12468740856244102330

58 QueenGhuleh the Chopper (level 3, -5/33 HPs)
             Began as a Minotaur Berserker on Sept 28, 2022.
             Was a Believer of Trog.
             Killed from afar by a hobgoblin (17 damage)
             ... with a bolt of dispelling energy
             ... on level 2 of the Dungeon on Sept 29, 2022.
             The game lasted 00:02:41 (1643 turns).

QueenGhuleh the Chopper (Minotaur Berserker)        Turns: 1643, Time: 00:02:41

Health: -5/33      AC:  6    Str: 29    XL:     3   Next: 76%
Magic:  2/2        EV: 11    Int:  4    God:    Trog [**....]
Gold:   73         SH:  0    Dex:  9    Spells: 2/2 levels left

rFire   . . .      SeeInvis .   a - +0 hand axe
rCold   . . .      Faith    .   (no shield)
rNeg    . . .      Spirit   .   o - +0 scale mail
rPois   .          Reflect  .   (helmet restricted)
rElec   .          Harm     .   (no cloak)
rCorr   .          Rampage  .   (no gloves)
Will    .....                   (no boots)
Stlth   ..........              (no amulet)
HPRegen 0.11/turn               k - +6 ring of strength
MPRegen 0.08/turn               (no ring)

@: no status effects
A: horns 2, retaliatory headbutt
a: Renounce Religion, Berserk, Trog's Hand


You were on level 2 of the Dungeon.
You worshipped Trog.
Trog was pleased with you.
You visited 1 branch of the dungeon, and saw 2 of its levels.

You collected 73 gold pieces.

Inventory:

Hand Weapons
 a - a +0 hand axe (weapon)
Armour
 o - a +0 scale mail (worn)
Jewellery
 k - a +6 ring of strength (left hand)
Scrolls
 d - a scroll of enchant weapon {unknown}
 e - 3 scrolls of identify {unknown}
 f - a scroll of magic mapping {unknown}
 g - a scroll of teleportation {unknown}
 l - a scroll of torment {unknown}
Potions
 b - a potion of curing {unknown}
 c - 2 potions of brilliance {unknown}
 h - a potion of resistance {unknown}
 i - a potion of lignification {unknown}
 j - a potion of cancellation {unknown}
 m - a potion of haste {unknown}
 n - a potion of invisibility {unknown}


   Skills:
 + Level 4.2 Fighting
 + Level 4.6 Axes
 + Level 3.1 Armour
 + Level 2.6 Dodging


You had 2 spell levels left.
You didn't know any spells.
Your spell library was empty.

Dungeon Overview and Level Annotations

Branches:
Dungeon (2/15)

Altars:


Innate Abilities, Weirdness & Mutations

You have a pair of horns on your head.
You reflexively headbutt those who attack you in melee.


Message History

You kill the giant cockroach!
Trog accepts your kill.
No target in view!
No target in view!
You see here a giant cockroach corpse.
You now have 73 gold pieces (gained 7).
There is a stone staircase leading up here.
c - 2 sedimented clear potions (gained 1)
You open the door.
There is an open door here.
A kobold comes into view. It is wielding a +0 dagger.
The kobold shouts!
A kobold is nearby!
There is an open door here.
The kobold hits you but does no damage.
You completely miss the kobold. Your headbutt misses the kobold.
The kobold hits you with a +0 dagger.
You miss the kobold. Your headbutt misses the kobold.
The kobold hits you but does no damage.
You slash the kobold!
You kill the kobold!
Trog accepts your kill.
No target in view!
A goblin comes into view. It is wielding a +0 dagger.
A goblin is nearby!
The goblin shouts!
A hobgoblin comes into view.
It is carrying a wand of quicksilver (7).
You closely miss the goblin. You headbutt the goblin.
You kill the goblin!
Trog accepts your kill.
The hobgoblin zaps a wand.
The bolt of dispelling energy hits you!!
Ouch! That really hurt!
You are too injured to fight recklessly!
You are too injured to fight recklessly!
You see here a +0 dagger.
You barely miss the hobgoblin. Your punch misses the hobgoblin.
The hobgoblin zaps a wand.
The bolt of dispelling energy hits you!
Ouch! That really hurt!
You die...

# ########## # #........# #####
#........# ....# #........####
###.# #........'..# ###.#
#........##.# ..#.# . #.........#.#
#.#.### ....#######...........#
.....)##.......g@......###+#.####
#รทรท..................).'....<....
#.#.......##...........###.#...#.
#.####### ############# #.#...##
#.# #.##.... #.## #.######
...######.# #....... #.........#
##### ######## ##...###### #...#
########


You could see a hobgoblin.

Vanquished Creatures
  2 adders (D:2)
  A worm (D:2)
  3 dart slugs
  4 endoplasms
  2 giant cockroaches
  3 hobgoblins (D:1)
  A kobold (D:2)
  A quokka (D:1)
  A ball python (D:2)
  6 bats
  3 frilled lizards (D:1)
  4 goblins
  2 rats
33 creatures vanquished.

Vanquished Creatures (others)
  3 plants (D:1)
3 creatures vanquished.

Grand Total: 36 creatures vanquished

Notes
Turn   | Place    | Note
-------+----------+-------------------------------------------
     0 | D:1      | QueenGhuleh the Minotaur Berserker began the quest for the
                  | Orb.
     0 | D:1      | Reached XP level 1. HP: 19/19 MP: 0/0
   200 | D:1      | Reached XP level 2. HP: 24/27 MP: 1/1
   530 | D:1      | Found a faded altar of an unknown god.
  1092 | D:2      | Reached XP level 3. HP: 14/33 MP: 2/2
  1557 | D:2      | Reached ** piety under Trog
  1643 | D:2      | Killed from afar by a hobgoblin

Illustrated notes

Levels and vault maps discovered:
D:1:      heliophobic_arrival_dark_side_of_the_moon, layout_basic,
          dreamdust_ecumenical_altar_grove, minmay_box_of_dots
D:2:      layout_basic

Skill      XL: |  1  2  3 |
---------------+----------+-----
Axes           | 4 |  4.6
Fighting       | 4 |  4.2
Armour         | 3 |  3.1
Dodging        | |  2.6

Action                   || total
-------------------------++-------
Melee: Hand axe          ||    69
       Headbutt          ||    12
Invok: Berserk           ||     1
Armor: Animal skin       ||     6
       Scale mail        ||    13
       Ring mail         ||     2
Dodge: Dodged            ||    50
